Cogmind - Beta 15 @@@ ROGUE MODE // 2025.08.23 @ 16:33:35 Player: supraman Result: Destroyed by D-53 Grenadier with Mini Grenade Launcher Performance ------------- Evolutions (0) 0 Regions Visited (2) 400 Robots Destroyed (11) 55 Value Destroyed (103) 103 Prototype IDs (0) 0 Alien Tech Used (0) 0 Bonus (0) 0 TOTAL SCORE: 558 Bonus ------- None Cogmind --------- Core Integrity 0/250 Matter 270/300 Energy 85/100 System Corruption 4% Temperature Cool (0) Movement Core (150) Ox2 Location -10/Mines Parts ------- > --- POWER (1) -------- (None) > --- PROPULSION (2) --- (None) > --- UTILITY (2) ------ Small Storage Unit > --- WEAPON (2) ------- Medium Laser Hammer > --- INVENTORY (8) ---- Light Ion Engine Structural Scanner Hardened Light Armor Plating Peak State ------------ > --- POWER ------------ Light Ion Engine > --- PROPULSION ------- Compact Wheel Compact Wheel > --- UTILITY ---------- Small Storage Unit Seismic Detector > --- WEAPON ----------- Medium Laser Improved Light Cannon > --- INVENTORY -------- Light Ion Engine Wheel Wheel Wheel Seismic Detector Hardened Light Armor Plating Medium Laser Improved Light Cannon [Rating: 9] Favorites ----------- Power Light Ion Engine Engine Light Ion Engine Propulsion Compact Wheel Wheel Compact Wheel Utility Small Storage Unit Device Seismic Detector Storage Small Storage Unit Weapon Improved Light Cannon Energy Gun Medium Laser Ballistic Cannon Improved Light Cannon Impact Weapon Hammer Build | -11 -10 -10 ------- Run | Yrd Mat Min Slots Evolved . | . . . Power . | . . . Propulsion . | . . . Utility . | . . . Weapon . | . . . Parts Attached 15 | 7 4 4 Power 2 | 1 1 . Engine 2 | 1 1 . Core . | . . . Reactor . | . . . Propulsion 5 | 2 . 3 Treads . | . . . Leg . | . . . Wheel 5 | 2 . 3 Hover . | . . . Flight . | . . . Utility 3 | 2 1 . Device 2 | 1 1 . Storage 1 | 1 . . Processor . | . . . Hackware . | . . . Protection . | . . . Artifact . | . . . Weapon 5 | 2 2 1 Energy Gun 2 | 2 . . Energy Cannon . | . . . Ballistic Gun . | . . . Ballistic Cannon 2 | . 1 1 Launcher . | . . . Special Weapon . | . . . Impact Weapon 1 | . 1 . Slashing Weapon . | . . . Piercing Weapon . | . . . Special Melee Weapon . | . . . Unidentified Prototypes . | . . . Parts Lost 9 | . . 9 Power 1 | . . 1 Propulsion 5 | . . 5 Utility 1 | . . 1 Weapon 2 | . . 2 Highest Loss Streak 9 | . . 9 To Critical Strikes . | . . . Average Backups 7 | 3 7 6 Power . | . 1 1 Propulsion 2 | 2 3 1 Utility 1 | . 1 2 Weapon 1 | . 1 1 Tool/Special . | . . . Unused Backups 6 | . 4 2 Power 1 | . . 1 Propulsion 2 | . 2 . Utility 2 | . 1 1 Weapon 1 | . 1 . Tool/Special . | . . . Average Slot Usage (%) 96 | . 100 78 Engine 13 | . 14 8 Wheel 26 | . 28 21 Device 12 | . 14 7 Storage 14 | . 14 14 Energy Gun 7 | . 9 . Ballistic Cannon 13 | . 13 12 Impact Weapon 6 | . 5 14 Peak Build Rating 9 | 7 9 9 Average Rating 8 | 5 8 6 On Entrance 5 | . 7 9 Naked Turns . | . . . Heaviest Build 15 | 13 15 15 Greatest Support 32 | 32 32 32 Greatest Overweight (x) 3 | . . 3 Average Overweight (x) . | . . . Largest Inventory Capacity 8 | 8 8 8 Average Capacity 7 | 7 8 8 Most Carried 8 | 8 8 8 Average Carried 7 | 3 7 6 Final Capacity 8 | 8 8 8 Final Carried 8 | 8 8 3 Class Distribution -------------------- 100% | Mutant Dominant Class ---------------- Mutant | -10/Materials Mutant | -10/Mines Resources | -11 -10 -10 ----------- Run | Yrd Mat Min Matter Collected 483 | 205 259 19 Remotely . | . . . Salvage Created 235 | 47 139 49 Parts 23 | 8 15 . Haulers Intercepted 2 | . 2 . Recyclers Shooed . | . . . Parts Field Recycled . | . . . Retrieved Matter . | . . . Parts Self-Destructed . | . . . Prevented . | . . . Kills | -11 -10 -10 ------- Run | Yrd Mat Min Combat Hostiles Destroyed 8 | . 3 5 Melee 3 | . . 3 Cannons 5 | . 3 2 Classes Destroyed 5 | 1 3 1 Tunneler 3 | 3 . . Hauler 2 | . 2 . Watcher 3 | . 3 . Swarmer 3 | . 3 . Assembled 5 | . . 5 Best Kill Streak 4 | 3 3 4 Combat Bots Only 4 | . 3 4 Max Kills in Single Turn 1 | 1 1 1 Gunslinging . | . . . Exploded . | . . . Melee 1 | . . 1 Uniques/NPCs Destroyed . | . . . Combat | -11 -10 -10 -------- Run | Yrd Mat Min Hostile Shots Fired 48 | . 7 41 Missed 13 | . 2 11 Hits 35 | . 5 30 Melee 7 | . . 7 Projectile 28 | . 5 23 AOE 15 | . . 15 Critical Strikes 1 | . . 1 Damage Taken 977 | . 43 934 Core 285 | . 10 275 Absorbed by Shields . | . . . Core Remaining (%) 100 | 100 . . Volleys Fired 49 | 4 36 9 Largest 2 | 2 2 1 Hottest 100 | 100 83 33 Shots Fired 68 | 8 51 9 Gun 23 | 8 15 . Cannon 45 | . 36 9 Launcher . | . . . Special . | . . . Kinetic 45 | . 36 9 Thermal 23 | 8 15 . Explosive . | . . . Electromagnetic . | . . . Robot Hit Streak 8 | 5 8 3 Robot Miss Streak 5 | 1 5 2 Penetration Max . | . . . Secondary Targets . | . . . Shots Hit Robots 39 | 6 25 8 Core Hits 19 | 3 10 6 Critical Kills 1 | . . 1 Critical Parts Destroyed . | . . . Critical Strikes 6 | 2 3 1 Burn 4 | 2 2 . Blast 1 | . 1 . Smash 1 | . . 1 Melee Attacks 6 | . 2 4 Impact 6 | . 2 4 Slashing . | . . . Piercing . | . . . Sneak Attacks . | . . . Combat Hostiles . | . . . Follow-up Attacks . | . . . Damage Inflicted 762 | 73 465 224 Guns 209 | 73 136 . Cannons 381 | . 278 103 Explosions . | . . . Melee 172 | . 51 121 Ramming . | . . . Kinetic 381 | . 278 103 Thermal 209 | 73 136 . Explosive . | . . . Electromagnetic . | . . . Impact 172 | . 51 121 Slashing . | . . . Piercing . | . . . Highest Corruption 4 | . 1 4 Average Corruption 2 | . 1 2 Corruption Purged . | . . . Corruption Blocked . | . . . Effects 2 | . . 2 Message Errors 1 | . . 1 Heat Flow Errors 1 | . . 1 Overload Shots . | . . . Overflow Damage . | . . . Projectiles . | . . . Explosions . | . . . Melee . | . . . Knockbacks 2 | . 1 1 Impact . | . . . Kinetic 2 | . 1 1 Secondary . | . . . Self-Inflicted Damage . | . . . Shots . | . . . Rammed . | . . . Targets Rammed . | . . . Kicked . | . . . Crushed . | . . . Highest Temperature 117 | 117 85 106 Average Temperature 38 | 53 33 41 Received Heat Transfer 20 | . . 20 Siege Activations . | . . . Martial Activations . | . . . Shielding Activations . | . . . Robots Disrupted . | . . . Combat Hostiles . | . . . Robots Corrupted . | . . . Combat Hostiles . | . . . Parts Fried . | . . . Impact Corruptions . | . . . Robots Melted . | . . . Combat Hostiles . | . . . Parts Melted 1 | 1 . . Heat Transferred 925 | 370 555 . Parts Sabotaged . | . . . Parts Stolen . | . . . Parts Stripped . | . . . Power Chain Reactions . | . . . Alert | -11 -10 -10 ------- Run | Yrd Mat Min Maximum Alert Level . | . . . Low Security (%) 100 | 100 100 100 Level 1 . | . . . Level 2 . | . . . Level 3 . | . . . Level 4 . | . . . Level 5 . | . . . High Security . | . . . Max Security . | . . . Peak Influence 70 | 10 70 21 Initial 21 | . . 21 Average 6 | 1 6 6 Influence Increases 130 | 15 115 . Destroy 0b10 Robot/C 60 | . 60 . Destroy 0b10 Robot/NC 40 | 15 25 . Destroy Leader 20 | . 20 . Successful Hack 7 | . 7 . Destroy Structure 3 | . 3 . Influence Decreases 130 | 15 61 54 Entered New Map 33 | . . 33 Time Decay 86 | 15 61 10 Lost Part 11 | . . 11 Squads Dispatched 1 | . 1 . Investigation . | . . . Extermination . | . . . Reinforcement 1 | . 1 . Assault . | . . . Garrison . | . . . Intercept . | . . . Searches Triggered . | . . . Construction Impeded . | . . . Haulers Reinforced . | . . . Active Scanning Responses . | . . . Cargo Convoy Interrupts . | . . . Stealth | -11 -10 -10 --------- Run | Yrd Mat Min Distress Signals . | . . . Communications Jammed . | . . . Distress Signals . | . . . Times Spotted 35 | . 10 25 Peak Tracking Total 14 | . 3 14 Tactical Retreats 1 | . . 1 Traps | -11 -10 -10 ------- Run | Yrd Mat Min Traps Triggered 1 | . 1 . Indirectly . | . . . Trap Hack Attempts . | . . . Triggered . | . . . Disarmed . | . . . Reprogrammed . | . . . Reused . | . . . Traps Extracted . | . . . Installed . | . . . Triggered . | . . . Machines | -11 -10 -10 ---------- Run | Yrd Mat Min Machines Disabled . | . . . Max in Single Turn . | . . . Machines Repaired . | . . . Machines Dismantled . | . . . Machines Sabotaged . | . . . Overloaded Fab Kills . | . . . Hacking | -11 -10 -10 --------- Run | Yrd Mat Min Machines Accessed 1 | . 1 . Terminals 1 | . 1 . Fabricators . | . . . Repair Stations . | . . . Recycling Units . | . . . Scanalyzers . | . . . Garrison Access . | . . . Total Hacks 3 | . 3 . Successful 3 | . 3 . Failed . | . . . Catastrophic . | . . . Database Lockouts . | . . . Manual . | . . . Terminals 3 | . 3 . Fabricators . | . . . Repair Stations . | . . . Recycling Units . | . . . Scanalyzers . | . . . Garrison Access . | . . . Terminal Hacks 3 | . 3 . Record 1 | . 1 . Robot Analysis 1 | . 1 . Registered Components 1 | . 1 . Fabricator Hacks . | . . . Repair Station Hacks . | . . . Recycling Unit Hacks . | . . . Scanalyzer . | . . . Garrison Access Hacks . | . . . Unauthorized Hacks . | . . . Terminals . | . . . Fabricators . | . . . Repair Stations . | . . . Recycling Units . | . . . Scanalyzers . | . . . Garrison Access . | . . . Data Cores Recovered . | . . . Used . | . . . Hacking Detections 1 | . 1 . Full Trace Events . | . . . Feedback Events . | . . . Feedback Blocked . | . . . Robot Schematics Acquired . | . . . Robots Built . | . . . Authchips . | . . . Time . | . . . Total Robot Build Rating . | . . . Part Schematics Acquired . | . . . Parts Built . | . . . Authchips . | . . . Time . | . . . Total Part Build Rating . | . . . Parts Repaired . | . . . Time . | . . . Parts Recycled . | . . . Recycled Matter . | . . . Retrieved Matter . | . . . Retrieved Components . | . . . Parts Scanalyzed . | . . . Part Schematics Acquired . | . . . Parts Damaged . | . . . Bothacking | -11 -10 -10 ------------ Run | Yrd Mat Min Used RIF Installer . | . . . Robots Hacked . | . . . Non-combat . | . . . Combat . | . . . Robot Hacks Applied . | . . . Relay Couplers Released . | . . . Fabnet Peak Effective % . | . . . Robots Rewired . | . . . Allies Hacked . | . . . Hacks Repelled . | . . . Allies | -11 -10 -10 -------- Run | Yrd Mat Min Total Allies . | . . . Largest Group . | . . . Highest-Rated Group . | . . . Highest-Rated Ally . | . . . Total Orders . | . . . Ally Attacks . | . . . Total Damage . | . . . Kills . | . . . Allies Corrupted . | . . . Allies Melted . | . . . Intel | -11 -10 -10 ------- Run | Yrd Mat Min Active Infowar (turns) 545 | 13 495 37 Structural 8 | . 8 . Seismic 537 | 13 487 37 Robot Analysis Total 1 | . 1 . Derelict Logs Recovered . | . . . Drone Launches . | . . . Drone Recoveries . | . . . Exploration | -11 -10 -10 ------------- Run | Yrd Mat Min Turns Passed 662 | 81 495 86 Spaces Moved 388 | 51 282 55 Core 3 | 1 . 2 Treads . | . . . Legs . | . . . Wheels 385 | 50 282 53 Hover . | . . . Flight . | . . . Fastest Speed 50 | 50 100 80 Average Speed 99 | 99 100 94 Slowest Speed 200 | 100 100 200 Overloaded Moves . | . . . Propulsion Burnouts . | . . . Robots Hopped . | . . . Potential Cave-ins . | . . . Cave-ins Triggered 1 | . . 1 Exploration Rate (%) 21 | 4 40 21 Regions Visited 2 Branch Regions 1 Pre-discovered Areas . | . . . Known Exits Taken . | . . . Unknown Exits Taken 2 | 1 1 . Scrap Searched . | . . . Spaces Dug 2 | . 2 . Terrain Destroyed 3 | . 3 . Melee . | . . . Projectile 3 | . 3 . AOE . | . . . Terrain Rammed . | . . . Walls Destroyed . | . . . Machines Disabled . | . . . Actions | -11 -10 -10 --------- Run | Yrd Mat Min Total 586 | 70 443 73 Wait 107 | . 107 . Move 386 | 50 281 55 Hop . | . . . Pick Up 14 | 9 5 . Fast Attach 7 | 6 1 . Attach 7 | 1 1 5 Detach . | . . . Swap 3 | . 3 . Drop 7 | . 7 . Fire 49 | 4 36 9 Melee 6 | . 2 4 Ram . | . . . Kick . | . . . Crush . | . . . Escape Stasis . | . . . Rewire . | . . . Trap . | . . . Miscellaneous . | . . . Route ------- -11/Scrapyard -10/Materials -10/Mines History --------- Turn | Location | Event 17 | -11/Scrapyard | Discovered new exit (range 16) 82 | -11/Scrapyard | Entered Materials 307 | -10/Materials | Build established: Mutant 548 | -10/Materials | Discovered new exit (range 13) 577 | -10/Materials | Entered Mines 588 | -10/Mines | Assembled infested the area 593 | -10/Mines | Assisted by a Guerilla fighting off Assembled 639 | -10/Mines | Core integrity fell below 50% 657 | -10/Mines | Crushed by falling debris 662 | -10/Mines | Core integrity fell below 20% 663 | -10/Mines | Destroyed by D-53 Grenadier with Mini Grenade Launcher Last Messages --------------- as-75335 destroyed. TJ-LU8(h) destroyed. as-71372 destroyed. Acquired 10 matter. Acquired 9 matter. Wheel destroyed. as-26853 destroyed. The unstable cave ceiling collapses. as-41859 destroyed. Lgt. Ion Engine destroyed. The unstable cave ceiling collapses. System corrupted: Heat flow error (+131). Imp. Light Cannon destroyed. Wheel destroyed. as-45801 destroyed. Wheel destroyed. 0IU#NX KJRFR2737BKZ6UKVFI8Z0HUH The unstable cave ceiling collapses. Crushed by falling debris. Imp. Light Cannon destroyed. Map ----- +----------------------------------------------------+ | ?????????????????# % #??? | | ?????????????????# # ##?? | | ?????????????????# # #?? | | ?????????????????# #??? | | ?????????????????# #???? | | ?????????????????# " #???? | | ?????????????????# # #????? | | ????????????????## #????? | | ????????????????# #????? | | ????????????????# ##????? | | ????????????????## #?????? | | ?????????????????### ####?????? | | ?????????# #### #????????? | | ????????# #???????? | | ?????????????###### #???????? | | ??????????????????# #???????? | | ??????????????????# # #???????? | | ??????????????????##### #???????? | | ??????????????????????# #???????? | | ??????????????????????#d#???????? | | ????????????????????### ###?????? | | ???????????????????## d ####??? | | ???????????????????# #??? | | ??????????????????## #??? | | ??????????? ### #??? | | ?????????? % @ #?? | | ???????????# #?? | | ???????????## #?? | | ????????????##### ##?? | | ????????????????# """ ##??? | | ???????????????# """ #???? | | ??????????????# """ ##???? | | ??????????????# ????? | | ??????????????## ##### ????? | | ???????????????## ???????# ????? | | ?????????????????????????? ????? | | ?????????????????????????? ???? | | ??????????????????????????# ???? | | ???????????????????????????##???? | | ????????????????????????????????? | | ????????????????????????????????? | | | | | | | | | | | | | | | | | | | +----------------------------------------------------+ Best States ------------- Heat Dissipation 25 Energy Generation 10 Energy Capacity 125 Matter Stores 300 Matter Capacity 300 Sight Range 16 Terrain Scan Density 10 Evasion (%) 44 Item Schematics ----------------- None Robot Schematics ------------------ None Fabricated ------------ Nothing Repaired ---------- Nothing Alien Tech Used ----------------- None Achievements -------------- None Challenges ------------ None Game ------ Seed WeaponIntegrityFacilitator Manual? 0 Play Time 00:21:50 Cumulative 26.5 hours Start 2025.08.23 @ 16:11:25 End 2025.08.23 @ 16:33:35 Sessions 1 Manual Loads 0 Difficulty Rogue Special Mode None Game No. 12 Rogue 11 Adventurer 1 Explorer 0 Win Type - Total 0 Types 0/0/0/0/0/0/0/0/0/0 Lore% 9 Gallery% 19 Achievement% 18 Wizard Run 0 Options --------- Layout 0 ASCII 0 Keyboard 0 Movement Mouse Keybinds 0 Fullscreen 1 Font 24/Smallcaps Map View 76x50 Zoom Use 0% Tactical HUD 0 Map Filters NONE Filters NONE Steam 1 RUN: a4bebed6-8d3a-42e9-948a-47b2715b5a9d